 Dungeon Crawl Stone Soup version 0.32-a0-841-g4648e6c457 (webtiles) character file.

Game seed: 7789046119607946672

763 pokeman the Thaumaturge (level 7, -3/40 HPs)
             Began as a Deep Elf Hedge Wizard on Mar 26, 2024.
             Was an Initiate of Vehumet.
             Slain by Sigmund the killer bee (6 damage)
             ... on level 5 of the Dungeon.
             The game lasted 00:10:10 (4844 turns).

pokeman the Thaumaturge (Deep Elf Hedge Wizard)     Turns: 4844, Time: 00:10:11

Health: -3/40      AC:  4    Str:  7    XL:     7   Next: 51%
Magic:  9/20       EV: 12    Int: 21    God:    Vehumet [......]
Gold:   199        SH:  0    Dex: 14    Spells: 14/22 levels left

rFire   . . .        y - +2 quarterstaff (chaos)
rCold   . . .        (shield currently unavailable)
rNeg    . . .        b - +0 robe
rPois   .            c - +0 hat
rElec   .            A - +0 cloak
rCorr   .            p - +0 pair of gloves
SInv    .            (no boots)
Will    .....        (no amulet)
Stlth   +            j - +4 ring of slaying
HPRegen 0.26/turn    (no ring)
MPRegen 0.17/turn

%: no passive effects
@: confused
A: no striking features
a: Renounce Religion


You were on level 5 of the Dungeon.
You worshipped Vehumet.
Vehumet was noncommittal.
You visited 2 branches of the dungeon, and saw 6 of its levels.

You collected 199 gold pieces.

Inventory:

Hand Weapons
 y - a +2 quarterstaff of chaos (weapon)
Armour
 b - a +0 robe (worn)
 c - a +0 hat (worn)
 p - a +0 pair of gloves (worn)
 A - a +0 cloak (worn)
Jewellery
 e - an amulet of faith
 j - a +4 ring of slaying (left hand)
Scrolls
 a - 3 scrolls of brand weapon {unknown}
 g - a scroll of poison {unknown}
 h - a scroll of enchant armour {unknown}
 l - 2 scrolls of enchant weapon {unknown}
 t - a scroll of vulnerability {unknown}
 u - a scroll of immolation {unknown}
 v - 2 scrolls of noise {unknown}
 w - 2 scrolls of identify {unknown}
 x - a scroll of blinking {unknown}
Potions
 d - a potion of magic
 f - 2 potions of berserk rage {unknown}
 i - 2 potions of brilliance {unknown}
 k - a potion of heal wounds {unknown}
 m - a potion of enlightenment {unknown}
 n - a potion of invisibility {unknown}
 o - 2 potions of attraction {unknown}
 q - a potion of cancellation {unknown}
 r - a potion of haste {unknown}
 s - a potion of mutation {unknown}
 z - a potion of curing {unknown}
 B - a potion of degeneration {unknown}
 C - a potion of lignification {unknown}


   Skills:
 + Level 2.3 Fighting
 - Level 2.1 Armour
 - Level 3.0 Dodging
 - Level 3.1 Stealth
 * Level 8.3 Spellcasting
 + Level 4.1 Conjurations
 - Level 1.1 Summonings
 - Level 1.1 Translocations
 - Level 1.0 Air Magic
 - Level 1.0 Alchemy


You had 14 spell levels left.
You knew the following spells:

 Your Spells              Type           Power      Damage    Failure   Level
a - Magic Dart            Conj           100%       1d8       1%          1
b - Mephitic Cloud        Conj/Alch/Air  17%        N/A       10%         3
c - Call Imp              Summ           26%        N/A       8%          2
d - Blink                 Tloc           26%        N/A       8%          2

Your spell library contained the following spells:

 Spells                   Type           Power      Damage    Failure   Level
 Sting                    Conj/Alch      76%        1d7       2%          1
 Slow                     Hex            32%        N/A       8%          1
 Mercury Vapours          Alch/Air       26%        N/A       8%          2
 Cigotuvi's Dreadful Rot  Necr/Alch/Air  22%        N/A       9%          2
 Olgreb's Toxic Radiance  Alch           13%        N/A       45%         4


Dungeon Overview and Level Annotations

Branches:
Dungeon (5/15)             Temple (1/1) D:4

Altars:
Cheibriados
Dithmenos
Elyvilon
Fedhas
Gozag
Hepliaklqana
Kikubaaqudgha
Makhleb
Nemelex Xobeh
Okawaru
Qazlal
Ru
Sif Muna
Trog
Uskayaw
Vehumet
Wu Jian
Yredelemnul
Zin
The Shining One

Shops:
D:2 ?   D:3 *

Annotations:
D:4 2 transporters, jkt's ghost, amateur SpEn
D:5 Sigmund


Message History

You choke on the stench!
You are confused.
Sigmund is engulfed in noxious fumes.
Sigmund appears confused.
Your cerulean imp hits Sigmund but does no damage.
Unknown command.
You bump into the rock wall.
You are engulfed in noxious fumes.
You choke on the stench!
You are more confused.
Sigmund is engulfed in noxious fumes.
Sigmund appears confused.
Sigmund stings you but does no damage.
Your cerulean imp closely misses Sigmund.
An orc comes into view. It is wielding a +0 hand axe.
Sigmund is engulfed in noxious fumes.
Sigmund appears confused.
Sigmund closely misses you.
Unknown command.
You bump into the rock wall.
You are engulfed in noxious fumes.
You choke on the stench!
You are more confused.
Sigmund is engulfed in noxious fumes.
Sigmund appears confused.
Sigmund stings you.
* * * LOW HITPOINT WARNING * * *
Your cerulean imp hits Sigmund but does no damage.
The orc wizard points at you and mumbles some strange words.
You are more confused.
Sigmund is engulfed in noxious fumes.
Sigmund appears confused.
Unknown command.
Unknown command.
Sigmund is engulfed in noxious fumes.
Sigmund appears confused.
Sigmund stings the orc!
The orc is killed!
Vehumet accepts your kill.
Your cerulean imp barely misses Sigmund.
An orc wizard comes into view. It is wielding a +0 dagger.
Sigmund is engulfed in noxious fumes.
Sigmund appears confused.
Sigmund buzzes around in tight circles.
Unknown command.
Sigmund is engulfed in noxious fumes.
Sigmund appears confused.
Sigmund buzzes around in tight circles.
Sigmund stings you.
You die...

...........>...#
.....#####...###
.....##......#
.....##.#..###
..#.....#..#######
....#####.###.)<5#
....# #.......##○#
.#..# ###.######y#
.##.. ##...o...@#
. ##.###.o.#######
.#...#.#
#>..###...
........ ......
...............#
...###)..###...#
... #...# ...# ..
#...# ...#


You could see Sigmund the killer bee (confused, ally target), 2 orc wizards and
a friendly cerulean imp (summoned).

Vanquished Creatures
  A black bear (D:4)
  Blork the orc (D:5)
  A howler monkey (D:4)
  2 bombardier beetles (D:4)
  2 hounds
  Crazy Yiuf (D:4)
  An orc priest (D:3)
  2 jellies
  6 iguanas
  6 adders
  2 ufetubi (D:5)
  3 dart slugs
  2 ribbon worms
  10 orcs
  4 endoplasms
  3 giant cockroaches
  9 goblins
  9 hobgoblins
  6 quokkas
  7 ball pythons
  4 frilled lizards
  6 kobolds
  5 rats
93 creatures vanquished.

Notes
Turn   | Place    | Note
-------+----------+-------------------------------------------
     0 | D:1      | pokeman the Deep Elf Hedge Wizard began the quest for the
                  | Orb.
     0 | D:1      | Reached XP level 1. HP: 10/10 MP: 7/7
   224 | D:1      | Reached XP level 2. HP: 15/15 MP: 3/9
   920 | D:2      | Reached skill level 5 in Spellcasting
   920 | D:2      | Reached XP level 3. HP: 20/20 MP: 4/11
   924 | D:2      | Learned a level 3 spell: Mephitic Cloud
   927 | D:2      | Learned a level 2 spell: Call Imp
   930 | D:2      | Learned a level 2 spell: Blink
  1424 | D:2      | Found Ickilior's Magic Scroll Emporium.
  1596 | D:2      | Reached skill level 1 in Fighting
  1614 | D:2      | Reached skill level 1 in Armour
  2143 | D:3      | Reached XP level 4. HP: 15/25 MP: 3/13
  2333 | D:3      | Found a sacrificial altar of Ru.
  2538 | D:3      | Found Owivug's General Store.
  2974 | D:4      | Noticed a black bear
  2981 | D:4      | Killed a black bear
  2982 | D:4      | Reached skill level 6 in Spellcasting
  2982 | D:4      | Reached XP level 5. HP: 26/30 MP: 8/15
  3151 | D:4      | Reached XP level 6. HP: 25/35 MP: 3/17
  3197 | D:4      | Noticed jkt's ghost (amateur SpEn)
  3645 | D:4      | Reached skill level 7 in Spellcasting
  3721 | D:4      | Found a snail-covered altar of Cheibriados.
  3779 | D:4      | Found a transporter.
  3782 | D:4      | Found a transporter.
  3811 | D:4      | Found a runed translucent door.
  3812 | D:4      | Noticed Crazy Yiuf
  3832 | D:4      | Killed Crazy Yiuf
  4242 | D:4      | Found a staircase to the Ecumenical Temple.
  4256 | Temple   | Entered the Ecumenical Temple
  4265 | Temple   | Became a worshipper of Vehumet
  4409 | D:4      | Reached XP level 7. HP: 40/40 MP: 17/20
  4475 | D:5      | Entered Level 5 of the Dungeon
  4720 | D:5      | Reached skill level 1 in Air Magic
  4720 | D:5      | Reached skill level 1 in Alchemy
  4814 | D:5      | Noticed Blork the orc
  4822 | D:5      | Reached skill level 8 in Spellcasting
  4825 | D:5      | Noticed Sigmund
  4831 | D:5      | Killed Blork the orc
  4839 | D:5      | Noticed Sigmund
  4844 | D:5      | Slain by Sigmund the killer bee

Illustrated notes

Levels and vault maps discovered:
D:1:      roderic_crop_circles_arrival_small, layout_rooms, serial_curves,
          eino_curves_03, eino_curves_02
D:2:      layout_basic, serial_shops, shop
D:3:      layout_rooms, mainiacjoe_overflow_concentric_impassable, serial_shops,
          shop_fountains, minmay_misc_feat_hallway, kennysheep_donut
D:4:      layout_loops_cross, chei_slow_surprise, temple_green,
          gammafunk_ghost_arena, minmay_pentangle, uniq_crazy_yiuf_cottage
D:5:      layout_basic, kennysheep_boxes, uniq_blork_the_orc, uniq_sigmund
Temple:   regret_index_temple_chain_breaker

Skill      XL: |  1  2  3  4  5  6  7 |
---------------+----------------------+-----
Spellcasting   | 5 6 7 8 |  8.3
Fighting       | 1 2 |  2.3
Armour         | 1 2 |  2.1
Conjurations   | 2 3 4 |  4.1
Stealth        | 3 |  3.1
Dodging        | 3 |  3.0
Air Magic      | 1 |  1.0
Alchemy        | 1 |  1.0
Summonings     | |  1.1
Translocations | |  1.1

Action                     |  1- 3 |  4- 6 |  7- 9 || total
---------------------------+-------+-------+-------++-------
  Melee: Dagger            |    12 |    26 |       ||    38
         Quarterstaff      |       |     2 |    22 ||    24
   Cast: Magic Dart        |   102 |   122 |    25 ||   249
         Mephitic Cloud    |     1 |     7 |     5 ||    13
         Call Imp          |     1 |     2 |     1 ||     4
   Stab: Confused          |       |     4 |     4 ||     8
 Armour: Robe              |    14 |    25 |    26 ||    65
  Dodge: Dodged            |    15 |    29 |    25 ||    69

Table legend: (Time is in decaauts)
 A = Elapsed time spent in this place.
 B = Non-inter-level travel time spent in this place.
 C = Inter-level travel time spent in this place.
 D = Time resting spent in this place.
 E = Time spent auto-exploring this place.
 F = Levels seen in this place.
 G = Mean time per level.
                   A        B        C        D        E       F      G
               +--------+--------+--------+--------+--------+-----+--------+
         Total |   4850 |   4770 |     80 |     88 |   4041 |   6 |  808.3 |
       Dungeon |   4831 |   4759 |     72 |     88 |   4041 |   5 |  966.2 |
        Temple |     18 |     10 |      8 |      0 |      0 |   1 |   18.0 |
               +--------+--------+--------+--------+--------+-----+--------+

Top non-repeatable levels by time:
     D:4: 1482 daAuts
     D:2: 1306 daAuts
     D:1: 909 daAuts
     D:3: 758 daAuts
     D:5: 375 daAuts
  Temple: 18 daAuts
